 Dungeon Crawl Stone Soup version 0.18-a0-1273-g8ec5f8e (webtiles) character file.

573 namelastname112 the Shooter (level 7, 41/60 HPs)
             Began as a White Draconian Hunter on Feb 7, 2016.
             Quit the game in a sewer.
             The game lasted 00:04:09 (2580 turns).

namelastname112 the Shooter (DrHu)                  Turns: 2580, Time: 00:04:09

Health: 41/60      AC:  7    Str: 15    XL:     7   Next: 12%
Magic:  7/7        EV: 13    Int: 16    God:
Gold:   101        SH:  0    Dex: 13    Spells: 0 memorised, 6 levels left

rFire  . . .     SeeInvis .     v - +2 quarterstaff (chaos)
rCold  + . .     Gourm    .     (armour unavailable)
rNeg   . . .     Faith    .     (shield currently unavailable)
rPois  .         Spirit   .     (helmet restricted)
rElec  .         Dismiss  .     q - +0 cloak
rCorr  .         Reflect  .     (no gloves)
SustAt .         Harm     .     (no boots)
MR     .....                    (no amulet)
Stlth  +.........               (no ring)
                                o - +5 ring of intelligence

@: starving, not resistant to hostile enchantments, very unstealthy
A: breathe frost, unfitting armour, cold resistance 1, cold-blooded, AC +6
a: Breathe Frost


You were in a sewer.
You were starving.

You visited 1 branch of the dungeon, and saw 3 of its levels.
You also visited: Sewer.

You collected 101 gold pieces.

Inventory:

Hand Weapons
 a - a +1 shortbow
 r - a +1 short sword of venom
 v - a +2 quarterstaff of chaos (weapon)
Missiles
 c - 19 arrows
Armour
 q - a +0 cloak (worn)
Jewellery
 o - a +5 ring of intelligence (left hand)
Scrolls
 e - 2 scrolls of remove curse {unknown}
 g - 2 scrolls of magic mapping {unknown}
 j - a scroll of blinking {unknown}
 k - a scroll of amnesia {unknown}
 p - 2 scrolls of identify {unknown}
 s - a scroll of recharging {unknown}
Potions
 b - 2 potions of heal wounds {unknown}
 h - 4 potions of might
 i - a potion of resistance {unknown}
 l - a potion of agility {unknown}
 m - a potion of brilliance {unknown}
 n - a potion of degeneration {unknown}
 t - a potion of haste {unknown}
 u - a potion of berserk rage {unknown}
 w - a potion of magic {unknown}
Comestibles
 d - 2 bread rations
 f - 4 meat rations


   Skills:
 + Level 4.6 Fighting
 + Level 1.3 Staves
 * Level 5.9 Bows
 + Level 3.8 Dodging
 - Level 0.8 Stealth


You had 6 spell levels left.
You didn't know any spells.

Dungeon Overview and Level Annotations

Branches:
Dungeon (3/15)

Altars:
Ru
Trog


Innate Abilities, Weirdness & Mutations

You can breathe waves of freezing cold.
You can buffet flying creatures when you breathe cold.
Your icy white scales are hard (AC +6).
Your body does not fit into most forms of armour.
Your flesh is cold resistant.
You are cold-blooded and may be slowed by cold attacks.


Message History

The big kobold hits you but does no damage.
Your unstable footing causes you to fumble your attack.
The big kobold splashes around in the water.
Your unstable footing causes you to fumble your attack.
The big kobold splashes around in the water.
You hit the big kobold.
Sparks of electricity dance between the big kobold's hands.
The big kobold is almost dead.
The big kobold splashes around in the water.
You thump the big kobold! You burn the big kobold.
You kill the big kobold!
You have reached level 7!
Your scales start taking on an icy white colour.
You feel resistant to cold.
You start resting.
You are starving!
You're too hungry to rest.
Eat which item? (? for menu, Esc to quit)
Okay, then.
Are you sure you want to abandon this character and quit the game? (Confirm with "yes".)

≈.##...≈ ≈.≈.≈≈≈
.≈≈.≈≈# ..≈.≈≈#
.≈≈≈≈≈# ...≈≈≈#
..≈.≈≈## #######
....≈≈≈## #####≈†≈≈.#
.≈##≈≈..####≈(≈≈@#
≈####≈.≈≈...≈###≈≈≈≈.#
.## #≈≈.≈.≈.≈# #######
.≈####≈...≈≈≈#
.≈≈.########≈≈.≈≈
...≈≈# #####≈ #≈≈≈.#
##.≈.# #.≈.#


There were no monsters in sight!

Vanquished Creatures
  Sigmund (D:2)
  2 big kobolds (Sewer)
  Crazy Yiuf (D:2)
  An orc wizard (D:3)
  Jessica (D:2)
  Terence (D:2)
  7 adders
  A river rat (Sewer)
  4 oozes
  7 worms
  2 giant geckos
  3 orcs (D:3)
  6 giant cockroaches
  5 hobgoblins
  2 quokkas
  3 ball pythons (Sewer)
  3 bats
  5 giant newts
  4 goblins (D:2)
  7 kobolds
  12 rats
78 creatures vanquished.

Notes
Turn   | Place    | Note
--------------------------------------------------------------
     0 | D:1      | namelastname112 the Draconian Hunter began the quest for the Orb.
     0 | D:1      | Reached XP level 1. HP: 17/17 MP: 1/1
    55 | D:1      | Reached XP level 2. HP: 13/25 MP: 2/2
   383 | D:1      | Reached skill level 4 in Bows
   671 | D:2      | Noticed Jessica
   681 | D:2      | Killed Jessica
   681 | D:2      | Reached XP level 3. HP: 27/30 MP: 3/3
   829 | D:2      | Noticed Crazy Yiuf
   890 | D:2      | Noticed Sigmund
   921 | D:2      | Killed Sigmund
   921 | D:2      | Reached skill level 5 in Bows
   921 | D:2      | Reached XP level 4. HP: 40/40 MP: 4/4
   921 | D:2      | Reached XP level 5. HP: 46/46 MP: 5/5
  1006 | D:2      | Noticed a moth of wrath
  1009 | D:2      | Found a bloodstained altar of Trog.
  1145 | D:2      | Noticed Terence
  1153 | D:2      | Killed Terence
  1175 | D:2      | Reached XP level 6. HP: 24/52 MP: 6/6
  1719 | D:2      | Found a sacrificial altar of Ru.
  2011 | D:2      | Killed Crazy Yiuf
  2168 | D:3      | Found a glowing drain.
  2198 | Sewer    | Entered a sewer
  2507 | Sewer    | Reached skill level 1 in Staves
  2521 | Sewer    | Reached XP level 7. HP: 30/60 MP: 7/7
  2521 | Sewer    | Your scales start taking on an icy white colour.
  2521 | Sewer    | Gained mutation: Your flesh is cold resistant. [White Draconian growth]
  2580 | Sewer    | Quit the game

Vault maps used:
D:1:      saegor_arrival_simple_a, serial_forest, infiniplex_forest_lined_1,
          infiniplex_forest_lined_ring, infiniplex_forest_corner_1,
          infiniplex_forest_clump_small, infiniplex_forest_lined_2
D:2:      nicolae_ru_path_of_blood, tgw_trog, uniq_jessica, uniq_terence,
          uniq_sigmund, uniq_crazy_yiuf_cottage
D:3:      gup_sewer_entry_glass, dk_xom_monty_hall
Sewer:    sewer_co_tree

Action                   |  1- 3 |  4- 6 |  7- 9 || total
-------------------------+-------+-------+-------++-------
Melee: Short sword       |    65 |   118 |       ||   183
       Quarterstaff      |       |   109 |       ||   109
 Fire: Shortbow          |    14 |     4 |       ||    18
  Use: Potion            |     1 |     1 |       ||     2
 Stab: Sleeping          |     1 |       |       ||     1
  Eat: Chunk             |       |     4 |       ||     4
